 Dungeon Crawl Stone Soup version 0.25-a0-1007-g10a8c3caa8 (webtiles) character file.

Game seed: 4196289502591089014, levelgen mode: deterministic

135 Flugslaktarn the Shield-Bearer (level 4, 0/41 HPs)
             Began as a Minotaur Fighter on May 11, 2020.
             Was an Initiate of Makhleb.
             Slain by Edmund
             ... wielding a +6 flail of draining
              (1 damage)
             ... on level 4 of the Dungeon.
             The game lasted 00:00:59 (1890 turns).

Flugslaktarn the Shield-Bearer (Minotaur Fighter)   Turns: 1890, Time: 00:01:00

Health: 0/41       AC:  8    Str: 20    XL:     4   Next: 96%
Magic:  3/3        EV:  5    Int:  5    God:    Makhleb [......]
Gold:   113        SH:  8    Dex: 11    Spells: 3/3 levels left

rFire    . . .     SeeInvis .   a - +0 war axe
rCold    . . .     Gourm    .   c - +0 kite shield
rNeg     . . .     Faith    .   p - +0 chain mail
rPois    .         Spirit   .   (helmet restricted)
rElec    .         Reflect  .   (no cloak)
rCorr    .         Harm     .   (no gloves)
MR       .....                  (no boots)
Stlth    ..........             (no amulet)
HPRegen  0.13/turn              (no ring)
MPRegen  0.08/turn              (no ring)

@: mighty, heavily drained
A: retaliatory headbutt, horns 2
a: Renounce Religion


You were on level 4 of the Dungeon.
You worshipped Makhleb.
Makhleb was noncommittal.
You were not hungry.

You visited 1 branch of the dungeon, and saw 4 of its levels.

You collected 113 gold pieces.

Inventory:

Hand Weapons
 a - a +0 war axe (weapon)
Armour
 b - a +0 scale mail
 c - a +0 kite shield (worn)
 p - a +0 chain mail (worn)
   (You found it on level 3 of the Dungeon)
Jewellery
 m - a cursed amulet of inaccuracy {unknown}
   (You found it on level 2 of the Dungeon)
 v - an uncursed ring of positive energy {unknown}
   (You found it on level 4 of the Dungeon)
Scrolls
 g - a scroll of noise {unknown}
 j - 2 scrolls of enchant armour {unknown}
 k - 2 scrolls of blinking {unknown}
 l - 2 scrolls of teleportation {unknown}
 q - 2 scrolls of identify {unknown}
 u - a scroll of immolation {unknown}
Potions
 d - a potion of might
 f - a potion of stabbing {unknown}
 i - a potion of curing {unknown}
 n - 2 potions of heal wounds {unknown}
 o - a potion of degeneration {unknown}
 r - a potion of haste {unknown}
 s - a potion of invisibility {unknown}
 t - a potion of resistance {unknown}
Comestibles
 e - 2 rations
 h - a chunk of flesh


   Skills:
 + Level 4.3(2.4) Fighting
 * Level 4.3(2.4) Axes
 + Level 4.3(2.4) Armour
 + Level 4.4(2.4) Shields
 + Level 0.8(0.0) Invocations


You had 3 spell levels left.
You didn't know any spells.
Your spell library was empty.

Dungeon Overview and Level Annotations

Branches:
Dungeon (4/15)
 Temple: D:4-7

Altars:
Hepliaklqana
Makhleb
Vehumet

Annotations:
D:4 Edmund


Innate Abilities, Weirdness & Mutations

You reflexively headbutt those who attack you in melee.
You have a pair of horns on your head.


Message History

You feel drained.
You hit Edmund.
Edmund is moderately wounded.
You block Edmund's attack.
You slash Edmund!
Edmund is heavily wounded.
Edmund hits you with a +6 flail of draining.
* * * LOW HITPOINT WARNING * * *
You feel drained.
* * * LOW HITPOINT WARNING * * *
You are too injured to fight recklessly!
You are too injured to fight recklessly!
You are too injured to fight recklessly!
You are too injured to fight recklessly!
Edmund is nearby!
You feel very mighty all of a sudden.
Edmund hits you with a +6 flail of draining!
* * * LOW HITPOINT WARNING * * *
You feel drained.
You die...

############
#...@@.#...#
##.###...#.###
#.#####.....#
#..# ####..#
##.## #..# ###
#..# ##.#
###..> ##.#
#.###...# #.#
#......### #.#
#.#.......


You could see Edmund.

Vanquished Creatures
  A bullfrog skeleton (D:4)
  A hound skeleton (D:4)
  3 adders (D:2)
  An ooze (D:1)
  A worm (D:4)
  A dart slug (D:1)
  4 leopard geckos
  An orc (D:4)
  5 bats
  3 giant cockroaches
  4 goblins
  5 hobgoblins
  10 jackals
  A quokka (D:4)
  7 kobolds
  A leopard gecko skeleton (D:4)
  A rat (D:1)
50 creatures vanquished.

Notes
Turn   | Place    | Note
-------+----------+-------------------------------------------
     0 | D:1      | Flugslaktarn the Minotaur Fighter began the quest for the
                  | Orb.
     0 | D:1      | Reached XP level 1. HP: 19/19 MP: 0/0
   122 | D:1      | Reached XP level 2. HP: 22/27 MP: 1/1
   416 | D:1      | Reached XP level 3. HP: 23/33 MP: 2/2
   910 | D:2      | Found a burning altar of Makhleb.
   986 | D:2      | Reached XP level 4. HP: 40/40 MP: 3/3
  1052 | D:2      | Became a worshipper of Makhleb the Destroyer
  1140 | D:3      | Found a radiant altar of Vehumet.
  1760 | D:4      | Found a hazy altar of Hepliaklqana.
  1854 | D:4      | Noticed Edmund
  1890 | D:4      | HP: 1/41 [Edmund/+6 flail of draining (10)]
  1890 | D:4      | Slain by Edmund

Illustrated notes

Levels and vault maps discovered:
D:1:      lordsloth_arrival_two_stooges, layout_rooms
D:2:      layout_basic, marbit_many_paths, gammafunk_temple_overflow_elements,
          minitemple, minmay_misc_feat_rows
D:3:      layout_loops_ring, lemuel_doored_altar, first_ration
D:4:      layout_rooms, nicolae_overflow_hidden_temple, uniq_menkaure,
          uniq_ijyb, uniq_edmund

Skill      XL: |  1  2  3  4 |
---------------+-------------+-----
Axes           | 3 4 |  4.3
Shields        | 4 |  4.4
Fighting       | 4 |  4.3
Armour         | 4 |  4.3
Invocations    | |  0.8

Action                   |  1- 3 |  4- 6 || total
-------------------------+-------+-------++-------
Melee: War axe           |    77 |    44 ||   121
       Headbutt          |     8 |     6 ||    14
  Use: Potion            |       |     1 ||     1
  Eat: Chunk             |       |     2 ||     2
       Ration            |       |     1 ||     1
Armor: Scale mail        |    42 |     2 ||    44
       Chain mail        |       |    16 ||    16
Dodge: Dodged            |    24 |    11 ||    35
Block: Kite shield       |    60 |    22 ||    82

Table legend:
 A = Non-vault XP
 B = Vault XP
 C = Vault XP percentage of total XP
 D = Non-vault monster count
 E = Vault monster count
 F = Vault count percentage of total count
                 A         B        C        D         E       F
            +---------+---------+-------+---------+---------+-------
      Total |     190 |       3 |   1.6 |      49 |       1 |   2.0
            +---------+---------+-------+---------+---------+-------
        D:1 |      48 |       0 |   0.0 |      21 |       0 |   0.0
        D:2 |      54 |       3 |   5.3 |      12 |       1 |   7.7
        D:3 |      14 |       0 |   0.0 |       8 |       0 |   0.0
        D:4 |      74 |       0 |   0.0 |       8 |       0 |   0.0
            +---------+---------+-------+---------+---------+-------
